 Dungeon Crawl Stone Soup version 0.29.1-1-gd02db6906a (webtiles) character file.

Game seed: 16401872416345366438

68 LustLizard the Ruffian (level 4, -5/43 (44) HPs)
             Began as a Troll Fighter on Sept 21, 2022.
             Slain by Crazy Yiuf
             ... wielding a +4 quarterstaff of chaos
              (15 damage)
             ... on level 2 of the Dungeon.
             The game lasted 00:02:42 (1603 turns).

LustLizard the Ruffian (Troll Fighter)              Turns: 1603, Time: 00:02:42

HP:   -5/43 (44)    AC:  4    Str: 24    XL:     4   Next: 1%
MP:   3/3           EV:  8    Int:  6    God:
Gold: 119           SH:  7    Dex:  9    Spells: 3/3 levels left

rFire   . . .      SeeInvis .     - Unarmed
rCold   . . .      Faith    .   b - +0 kite shield
rNeg    . . .      Spirit   .   a - +0 robe
rPois   .          Reflect  .   (helmet restricted)
rElec   .          Harm     .   (no cloak)
rCorr   .          Rampage  .   (gloves unavailable)
Will    .....                   (boots unavailable)
Stlth   +.........              h - amulet of magic regeneration
HPRegen 0.94/turn               (no ring)
MPRegen 0.48/turn               (no ring)

@: lightly drained
A: large, unfitting armour, claws 3, regeneration 1, shaggy fur 1, tough skin 1
a: no special abilities


You were on level 2 of the Dungeon.
You visited 1 branch of the dungeon, and saw 2 of its levels.

You collected 119 gold pieces.

Inventory:

Missiles
 k - 11 stones (quivered)
Armour
 a - a +0 robe (worn)
 b - a +0 kite shield (worn)
Jewellery
 h - an amulet of magic regeneration (around neck)
Scrolls
 f - 3 scrolls of magic mapping {unknown}
 i - a scroll of teleportation {unknown}
 m - a scroll of enchant weapon {unknown}
 n - 2 scrolls of identify {unknown}
Potions
 c - a potion of might
 d - 2 potions of lignification
 e - a potion of magic {unknown}
 g - a potion of cancellation {unknown}
 j - a potion of heal wounds {unknown}
 l - a potion of degeneration {unknown}
 o - a potion of resistance {unknown}


   Skills:
 + Level 2.9 Fighting
 - Level 2.4 Dodging
 + Level 3.2 Shields
 * Level 3.3 Unarmed Combat


You had 3 spell levels left.
You didn't know any spells.
Your spell library contained the following spells:

 Spells                   Type           Power      Damage    Failure   Level
 Beastly Appendage        Tmut           0%         N/A       75%         1
 Slow                     Hex            0%         N/A       75%         1
 Wereblood                Tmut           0%         N/A       87%         2
 Confusing Touch          Hex            0%         N/A       98%         3
 Spider Form              Tmut/Pois      0%         N/A       98%         3
 Vampiric Draining        Necr           0%         2d6       98%         3


Dungeon Overview and Level Annotations

Branches:
Dungeon (2/15)

Altars:

Shops:
D:2 [

Annotations:
D:2 Crazy Yiuf


Innate Abilities, Weirdness & Mutations

You are too large for most types of armour.
You have claws for hands.
Your natural rate of healing is unusually fast.
You are covered in fur. (AC +1)
You have tough skin. (AC +1)


Message History

You see here a +0 club.
Things that are here:
a +0 dagger; a +0 dagger
Items here: ) [[ †.
You pick up a book of Changes and begin reading...
You add the spells Beastly Appendage, Wereblood and Spider Form to your library.
Found a leather armour.
You see here a +0 leather armour.
There is an escape hatch in the floor here.
Items here: ) [[ ÷.
Things that are here:
a +0 dagger; a +0 dagger You see here a +0 club.
You see here a +0 hammer.
Crazy Yiuf shouts!
You open the door.
Crazy Yiuf laughs, "Pitchfork!
Gum green ladder."
You claw Crazy Yiuf!
Crazy Yiuf is severely wounded.
Crazy Yiuf hits you with a +4 quarterstaff of chaos!
Crazy Yiuf freezes you.
You closely miss Crazy Yiuf.
Crazy Yiuf is severely wounded.
You block Crazy Yiuf's attack.
Crazy Yiuf hits you with a +4 quarterstaff of chaos!
You feel drained.
You barely miss Crazy Yiuf.
Crazy Yiuf is severely wounded.
Crazy Yiuf laughs, "Whiteboard broken ena!"
You block Crazy Yiuf's attack.
You scratch Crazy Yiuf.
Crazy Yiuf is severely wounded.
Crazy Yiuf hits you with a +4 quarterstaff of chaos!
* * * LOW HITPOINT WARNING * * *
Crazy Yiuf draws strength from your wounds!
You scratch Crazy Yiuf.
Crazy Yiuf is severely wounded.
Crazy Yiuf says, "Cake!"
Crazy Yiuf hits you with a +4 quarterstaff of chaos!
You die...

#+..+#
#.........##
#....#
###.......##
♣....♣
#.......##
♣♣.P.♣
#.......##
♣♣.♣♣
#..#.#####
♣♣.♣
#..#.#####
♣.♣♣
#.........
♣♣.♣
##.#......
♣@♣♣
##....#####
#g# ##.....#
...
#...[..##
#...#
#.......#
#)..#
###....##
##### ######
### ###
###.# #.#
##.#.#


You could see Crazy Yiuf.

Vanquished Creatures
  Robin (D:2)
  A worm (D:2)
  4 dart slugs
  A bat (D:2)
  An endoplasm (D:1)
  5 giant cockroaches
  13 goblins
  3 hobgoblins (D:2)
  2 quokkas
  3 frilled lizards
  5 kobolds
  7 rats
46 creatures vanquished.

Vanquished Creatures (others)
  3 fungi (D:2)
3 creatures vanquished.

Grand Total: 49 creatures vanquished

Notes
Turn   | Place    | Note
-------+----------+-------------------------------------------
     0 | D:1      | LustLizard the Troll Fighter began the quest for the Orb.
     0 | D:1      | Reached XP level 1. HP: 22/22 MP: 0/0
   223 | D:1      | Reached XP level 2. HP: 29/29 MP: 1/1
   405 | D:1      | Found a faded altar of an unknown god.
   835 | D:2      | Reached XP level 3. HP: 30/36 MP: 2/2
  1030 | D:2      | Found Dagaahukep's Armour Emporium.
  1246 | D:2      | Noticed Robin
  1295 | D:2      | Killed Robin
  1300 | D:2      | Reached XP level 4. HP: 16/44 MP: 3/3
  1339 | D:2      | Found a runed translucent door.
  1340 | D:2      | Noticed Crazy Yiuf
  1603 | D:2      | Slain by Crazy Yiuf

Illustrated notes

Levels and vault maps discovered:
D:1:      roderic_dead_forest, layout_basic, basic_ecumenical_altar,
          st_stairs_13, dk_noncrumbling_3
D:2:      layout_loops_ring, serial_shops, nicolae_shop_advertising_works
          [nicolae_subvault_shop_adworks], uniq_crazy_yiuf_cottage, uniq_robin

Skill      XL: |  1  2  3 |
---------------+----------+-----
Shields        | 3 |  3.2
Unarmed Combat | 3 |  3.3
Fighting       | |  2.9
Dodging        | |  2.4

Action                   |  1- 3 |  4- 6 || total
-------------------------+-------+-------++-------
Melee: Unarmed           |   134 |     7 ||   141
  Use: Potion            |     1 |       ||     1
Armor: Robe              |    45 |     1 ||    46
       Skin              |    10 |       ||    10
Dodge: Dodged            |    42 |       ||    42
Block: Kite shield       |    51 |     2 ||    53
